 Dungeon Crawl Stone Soup version 0.27.0-1-g7a089689b8 (webtiles) character file.

Game seed: 10309395969643948573

219265 gimp the Eclecticist (level 19, -8/134 HPs)
             Began as a Naga Earth Elementalist on Aug 5, 2021.
             Was the Champion of Vehumet.
             Shot with an arrow by a satyr (36 damage)
             ... on level 4 of the Shoals.
             The game lasted 02:09:57 (56352 turns).

gimp the Eclecticist (Naga Earth Elementalist)     Turns: 56352, Time: 02:09:57

Health: -8/134     AC: 19    Str: 16    XL:     19   Next: 14%
Magic:  14/38      EV:  7    Int: 33    God:    Vehumet [******]
Gold:   410        SH: 11    Dex: 15    Spells: 11/48 levels left

rFire    + . .     SeeInvis +   a - staff of conjuration
rCold    + . .     Faith    .   p - +0 kite shield
rNeg     . . .     Spirit   .   Q - +3 leather armour {Will+}
rPois    +         Reflect  .   Y - +2 helmet
rElec    .         Harm     .   d - +0 cloak
rCorr    .         Rampage  .   (no gloves)
Will     +++..     Rnd*Rage +   S - +1 barding {rC+}
Stlth    ++++......             i - amulet of magic regeneration
HPRegen  0.32/turn              t - ring of Icumio {*Corrode +Blink Str+6 Int+8 SInv}
MPRegen  0.51/turn              l - ring of Fepess {rF+ Int+2 Dex+2 Slay+5}

@: very slow
A: AC +6, large, see invisible, deformed body, poison resistance, slowness 2,
spit poison 1, naga tail 2, berserk 1
}: 1/15 runes: gossamer
a: Spit Poison, Renounce Religion, Evoke Blink


You were on level 4 of the Shoals.
You worshipped Vehumet.
Vehumet was exalted by your worship.
You visited 6 branches of the dungeon, and saw 32 of its levels.
You also visited: Volcano.

You collected 2964 gold pieces.
You spent 2554 gold pieces at shops.

Inventory:

Hand Weapons
 b - a +4 dagger of venom
 D - a +1 dagger of electrocution
Missiles
 x - 11 curare-tipped darts
 K - 8 throwing nets
Armour
 d - a +0 cloak (worn)
 p - a +0 kite shield (worn)
 H - a +1 robe of cold resistance
 P - a +3 leather armour of fire resistance
 Q - a +3 leather armour of willpower (worn)
 S - a +1 barding of cold resistance (worn)
 Y - a +2 helmet (worn)
Magical Staves
 a - a staff of conjuration (weapon)
 c - a staff of death
 E - a staff of air
 M - a staff of fire
Jewellery
 i - an amulet of magic regeneration (around neck)
 l - the ring of Fepess (right hand) {rF+ Int+2 Dex+2 Slay+5}
   (You found it on level 1 of the Lair of Beasts)

   [ring of protection from fire]

   Int:       It affects your intelligence (+2).
   Dex:       It affects your dexterity (+2).
   Slay:      It affects your accuracy & damage with ranged weapons and melee
   (+5).
   rF:        It protects you from fire.
 o - a ring of resist corrosion
 t - the ring of Icumio (left hand) {*Corrode +Blink Str+6 Int+8 SInv}
   (You found it on level 5 of the Dungeon)

   [ring of strength]

   Str:       It affects your strength (+6).
   Int:       It affects your intelligence (+8).
   SInv:      It lets you see invisible.
   +Blink:    It lets you blink.
   *Corrode:  It may corrode you when you take damage.
 F - a ring of wizardry
 G - a ring of ice
Wands
 n - a wand of flame (62)
 r - a wand of mindburst (18)
 s - a wand of iceblast (29)
 z - a wand of paralysis (6)
 C - a wand of digging (18)
 U - a wand of acid (5)
Scrolls
 g - 2 scrolls of summoning
 j - 3 scrolls of magic mapping
 q - 6 scrolls of enchant weapon
 u - 2 scrolls of blinking
 v - a scroll of teleportation
 w - 6 scrolls of enchant armour
 B - 4 scrolls of holy word
 I - 2 scrolls of amnesia
 L - 7 scrolls of identify
 T - 2 scrolls of brand weapon
 Z - a scroll of fog
Potions
 e - 4 potions of heal wounds
 f - 8 potions of curing
 h - 6 potions of brilliance
 k - 3 potions of resistance
 m - 3 potions of might
 A - 11 potions of ambrosia
 J - 3 potions of haste
 N - 3 potions of magic
 O - 2 potions of mutation
 R - a potion of berserk rage
 V - 2 potions of flight
Miscellaneous
 y - a box of beasts


   Skills:
 - Level 10.0 Short Blades
 + Level 7.1 Staves
 - Level 1.5 Dodging
 - Level 10.0 Stealth
 - Level 9.0 Shields
 - Level 15.0 Spellcasting
 + Level 15.0 Conjurations
 - Level 6.0 Summonings
 - Level 4.0 Necromancy
 - Level 10.0 Transmutations
 - Level 6.0 Fire Magic
 - Level 6.0 Ice Magic
 - Level 10.0 Earth Magic
 - Level 10.0 Evocations


You had 11 spell levels left.
You knew the following spells:

 Your Spells              Type           Power      Damage    Failure   Level
a - Stone Arrow           Conj/Erth      100%       3d13      1%          3
b - Sandblast             Erth           100%       2d20      1%          1
c - Petrify               Tmut/Erth      74%        N/A       1%          4
d - Passwall              Tmut/Erth      61%        N/A       1%          2
e - Summon Ice Beast      Ice/Summ       59%        N/A       1%          4
f - Lee's Rapid Deconstr  Erth           37%        3d19*     1%          5
g - Irradiate             Conj/Tmut      51%        3d30      1%          5
h - Borgnjor's Vile Clut  Necr/Erth      31%        N/A       3%          5
i - Swiftness             Air            24%        N/A       6%          3
j - Bolt of Magma         Conj/Fire/Erth 48%        4d20      1%          5

Your spell library contained the following spells:

 Spells                   Type           Power      Damage    Failure   Level
 Orb of Destruction       Conj           55%        9d16      1%          7
 Pain                     Necr           100%       1d9       1%          1
 Corpse Rot               Necr/Air       N/A        N/A       1%          2
 Ensorcelled Hibernation  Hex/Ice        88%        N/A       1%          2
 Sublimation of Blood     Necr           25%        N/A       1%          2
 Frozen Ramparts          Ice            100%       1d12      1%          3
 Spider Form              Tmut/Pois      27%        N/A       1%          3
 Ice Form                 Ice/Tmut       67%        N/A       1%          4
 Blade Hands              Tmut           37%        N/A       1%          5
 Dispel Undead            Necr           50%        3d19      4%          4
 Gell's Gravitas          Tloc           12%        N/A       6%          3
 Teleport Other           Tloc           24%        N/A       6%          3
 Alistair's Intoxication  Tmut/Pois      36%        N/A       8%          5
 Agony                    Necr           50%        N/A       11%         5
 Excruciating Wounds      Necr           25%        N/A       11%         5
 Eringya's Noxious Bog    Tmut/Pois      27%        N/A       11%         6
 Metabolic Englaciation   Hex/Ice        22%        N/A       17%         5
 Shadow Creatures         Summ           N/A        N/A       26%         6
 Dragon Form              Tmut           37%        N/A       28%         7
 Simulacrum               Ice/Necr       27%        N/A       38%         6
 Death Channel            Necr           25%        N/A       52%         6
 Dispersal                Tloc           12%        N/A       97%         6
 Invisibility             Hex            12%        N/A       97%         6
 Borgnjor's Revivificati  Necr           25%        N/A       100%        8
 Disjunction              Tloc           12%        N/A       100%        8
 Necromutation            Tmut/Necr      31%        N/A       100%        8
 Death's Door             Necr           25%        N/A       100%        9
 Polar Vortex             Ice            29%        N/A       100%        9
 Shatter                  Erth           37%        3d29*     100%        9


Dungeon Overview and Level Annotations

Branches:
Dungeon (15/15)            Temple (1/1) D:7            Lair (6/6) D:9
 Shoals (4/4) Lair:4       Spider (4/4) Lair:2        Slime (0/5) Lair:5
    Orc (2/2) D:10            Elf (0/3) Orc:2        Vaults (0/5) D:13
 Depths (0/5) D:15        Volcano (visited)

Altars:
Ashenzari
Cheibriados
Dithmenos
Elyvilon
Fedhas
Gozag
Hepliaklqana
Kikubaaqudgha
Makhleb
Nemelex Xobeh
Okawaru
Qazlal
Ru
Sif Muna
Trog
Uskayaw
Vehumet
Wu Jian
Xom
Yredelemnul
Zin
The Shining One
Jiyva

Shops:
D:2 *   D:3 :   D:9 ?   Orc:2 !(*(

Annotations:
D:5 1 runed translucent door, indyram44's ghost, amateur MiGl
D:9 3 runed translucent doors, SirRamESQ's ghost, novice HOFi
Lair:2 exclusion: 2 oklob plants
Lair:5 1 runed translucent door
Orc:2 exclusion: upstairs


Innate Abilities, Weirdness & Mutations

Your serpentine skin is tough. (AC +6)
You have supernaturally acute eyesight. (SInv)
Armour fits poorly on your strangely shaped body.
Your system is resistant to poisons. (rPois)
You cover ground very slowly.
You can spit poison.
You can use your snake-like lower body to constrict enemies.
You tend to lose your temper in combat.


Message History

Aiming: Borgnjor's Vile Clutch (dangerous; 3% risk of failure)
Press: ? - help, Shift-Dir - straight line, f - satyr
Aim: a satyr, wielding a +0 spear and quivering sling bullets (100% to hit)
Okay, then.
Casting: Borgnjor's Vile Clutch (dangerous; 3% risk of failure)
Confirm with . or Enter, or press ? or * to list all spells.
Aiming: Bolt of Magma (mildly dangerous; 1% risk of failure)
Press: ? - help, Shift-Dir - straight line, f - satyr
Aim: a satyr, wielding a +0 spear and quivering sling bullets (67% to hit)
You feel a surge of power!
You now have 12/38 mp.
A faun comes into view. It is wielding a +0 club.
The faun casts a spell at you. You resist with almost no effort.
The faun moves out of view.
A satyr comes into view. It is wielding a +0 vampiric spear.
Casting: Bolt of Magma (mildly dangerous; 1% risk of failure)
Confirm with . or Enter, or press ? or * to list all spells.
Aiming: Bolt of Magma (mildly dangerous; 1% risk of failure)
Press: ? - help, Shift-Dir - straight line, f/p - satyr
Aim: a satyr, wielding a +0 spear and quivering sling bullets (steam, severely wounded, wandering, hasn't noticed you, 67% to hit)
Okay, then.
The satyr unwields a +0 quarterstaff.
The satyr wields a +0 longbow.
The satyr shoots an arrow.
The arrow hits you!!
* * * LOW HITPOINT WARNING * * *
Vehumet accepts your kill.
You feel your power returning.
You hear a splash. x3
You feel a bit more experienced.
The satyr moves out of view.
You take 17 damage, and have 28/134 hp.
You regained 6 mp, and now have 18/38 mp.
Casting: Bolt of Magma (mildly dangerous; 1% risk of failure)
Confirm with . or Enter, or press ? or * to list all spells.
Aiming: Bolt of Magma (mildly dangerous; 1% risk of failure)
Press: ? - help, Shift-Dir - straight line, f - satyr
Aim: a satyr, wielding a +0 longbow and quivering arrows (67% to hit)
You feel a surge of power!
The bolt of magma hits the satyr!!
The satyr is heavily wounded.
The satyr is engulfed in a cloud of scalding steam.
The satyr shoots an arrow.
The arrow hits you!!!
You die...

≈≈ ##.†#§..# ≈≈≈
#....#.... ≈≈≈≈ #≈.....#.
≈≈≈≈≈#§c#.... .8
#≈≈≈≈≈≈≈≈#.§c #.
#≈≈≈≈≈##§##†## #.
#≈≈≈≈≈≈≈≈§#c§# ... #.
#≈≈≈≈≈≈##....## ##... #.
#≈≈≈≈≈≈≈@..#≈.##.#.... #.
#≈≈≈≈≈≈≈##.##..#.#.....#.
#≈≈≈≈≈≈≈≈#.≈.....#...≈.#.
≈≈≈≈≈≈≈≈##≈#....#.......
≈≈≈≈≈≈≈≈≈#≈≈##..#=....#.
≈≈≈≈≈≈≈≈≈#.≈≈##.##≈....≈
≈≈≈≈≈≈≈≈≈≈#≈≈≈#########8
≈≈≈≈≈≈≈≈≈≈##≈≈≈#.###.≈≈.
≈≈≈≈≈≈≈≈.#≈≈≈≈≈≈≈≈≈(.


You could see a satyr.

Vanquished Creatures
  Jorgrun (Spider:2)
  A titan (Shoals:3)
  2 krakens
  Polyphemus (Shoals:2)
  Kirke (D:12)
  5 ghost moths
  A frost giant (Shoals:3)
  The ghost of Jafont the Arsonist, a journeyman HOFE of Okawaru (Shoals:1)
  3 emperor scorpions
  Aizul (Spider:1)
  A stone giant (Shoals:3)
  4 entropy weavers
  Azrael (Spider:2)
  A minotaur (Shoals:4)
  2 spark wasps (Spider:4)
  5 merfolk impalers
  2 merfolk javelineers
  4 vault guards (D:13)
  7 boulder beetles
  8 hydras
  Fannar (D:10)
  Erolcha (D:11)
  2 centaur warriors
  A merfolk avatar (Shoals:1)
  A catoblepas (Shoals:1)
  A death knight (D:13)
  A dancing weapon (Volcano)
  4 merfolk aquamancers
  10 two-headed ogres
  4 satyrs
  4 death yaks
  Sonja (Lair:2)
  4 skeletal warriors
  4 sea snakes
  3 deep trolls (D:15)
  A phantasmal warrior (D:12)
  7 wizards
  A necromancer (D:15)
  32 wolf spiders
  2 orc sorcerers (Orc:2)
  20 manticores
  20 orb spiders
  9 harpies
  4 orc knights
  An oklob plant (Lair:5)
  2 deep elf pyromancers (D:15)
  15 ugly things
  8 cyclopes
  24 fauns
  A salamander (shapeshifter) (D:14)
  5 toenail golems (Volcano)
  3 merfolk sirens
  2 moths of wrath
  17 elephants
  A water nymph (Shoals:3)
  6 black mambas
  A black mamba (shapeshifter) (D:13)
  2 molten gargoyles (Lair:4)
  13 cane toads
  A gargoyle (D:9)
  2 unseen horrors
  An efreet (D:15)
  2 rime drakes
  A kobold demonologist (D:14)
  9 demonic crawlers
  4 komodo dragons
  A freezing wraith (D:13)
  A queen bee (Lair:4)
  50 jumping spiders
  5 trolls
  24 merfolk
  A polar bear (Lair:3)
  6 meliai
  18 slime creatures
  4 wind drakes
  7 snapping turtles
  A dream sheep (Lair:5)
  7 hornets
  32 blink frogs
  82 redbacks
  A shadow (D:8)
  A centaur simulacrum (D:15)
  15 water elementals
  32 yaks
  26 tarantellas
  A tarantella (shapeshifter) (D:15)
  5 wyverns
  A redback (shapeshifter) (D:15)
  4 hogs (D:12)
  5 fire elementals
  3 wraiths
  4 vampire mosquitoes
  8 basilisks
  A death yak simulacrum (Lair:6)
  4 acid dragons
  2 wargs
  3 hell hounds (Spider:2)
  Duvessa (D:5)
  13 water moccasins
  35 orc warriors
  An ice beast (D:5)
  2 black bears
  6 ogres
  8 wolves
  3 sky beasts
  A phantom (D:4)
  20 centaurs
  8 kobold brigands
  15 bullfrogs
  4 scorpions
  2 gnoll sergeants
  A wyvern skeleton (D:6)
  Dowan (D:5)
  18 killer bees
  A water moccasin skeleton (D:4)
  4 electric eels
  A howler monkey (D:9)
  5 lava snakes (Lair:4)
  4 hounds
  18 orc priests
  3 centaur zombies
  6 jellies
  2 bullfrog skeletons
  A gnoll shaman (D:6)
  2 iguanas (D:4)
  20 orc wizards
  A hell rat (Lair:6)
  A polar bear simulacrum (Lair:6)
  A wolf simulacrum (Lair:6)
  A hound zombie (D:5)
  A hound skeleton (D:4)
  A howler monkey zombie (D:5)
  Robin (D:3)
  8 gnolls
  5 river rats (Lair:6)
  7 adders
  A shadow imp (D:7)
  A white imp (D:5)
  2 ufetubi
  A worm (D:2)
  2 dart slugs
  74 orcs
  9 endoplasms
  3 giant cockroaches
  18 goblins
  6 hobgoblins
  11 jackals
  25 kobolds
  2 quokkas (D:1)
  11 ball pythons
  8 bats
  7 rats
  6 tentacles
1086 creatures vanquished.

Vanquished Creatures (collateral kills)
  2 death yaks (Lair:5)
  2 ugly things (D:14)
  4 elephants
  A cane toad (Lair:4)
  A black mamba (Lair:5)
  A rime drake (Lair:6)
  A blink frog (Lair:6)
  6 yaks
  A basilisk (Lair:6)
  A bullfrog (Lair:4)
  A killer bee (Lair:4)
  A hell rat (Lair:6)
22 creatures vanquished.

Vanquished Creatures (others)
  An orc wizard (D:10)
  A bush (Lair:6)
  62 fungi
  124 plants
  7 tentacles
  10 toadstools (D:7)
  4 withered plants
209 creatures vanquished.

Grand Total: 1317 creatures vanquished

Notes
Turn   | Place    | Note
-------+----------+-------------------------------------------
     0 | D:1      | gimp the Naga Earth Elementalist began the quest for the
                  | Orb.
     0 | D:1      | Reached XP level 1. HP: 15/15 MP: 3/3
   234 | D:1      | Reached XP level 2. HP: 22/22 MP: 3/5
  1148 | D:1      | Reached XP level 3. HP: 28/28 MP: 6/6
  1161 | D:1      | Learned a level 3 spell: Stone Arrow
  1570 | D:2      | Reached skill level 1 in Conjurations
  1718 | D:2      | Reached XP level 4. HP: 36/36 MP: 6/8
  1857 | D:2      | Found Mutwo's General Store.
  1865 | D:2      | Bought a scroll of magic mapping for 38 gold pieces
  2133 | D:2      | Bought a scroll of teleportation for 33 gold pieces
  2279 | D:3      | Found a faded altar of an unknown god.
  2364 | D:3      | Got the Handbook of Mutagenic Ice
  2476 | D:3      | Noticed Robin
  2489 | D:3      | Killed Robin
  2888 | D:3      | Reached XP level 5. HP: 42/42 MP: 7/9
  2972 | D:3      | Found Keybb's Book Shop.
  3196 | D:4      | Noticed an ogre
  3201 | D:4      | Killed an ogre
  3283 | D:4      | Reached XP level 6. HP: 35/49 MP: 9/11
  3288 | D:4      | Learned a level 4 spell: Petrify
  3717 | D:4      | Reached XP level 7. HP: 55/55 MP: 8/12
  4112 | D:4      | Found a white marble altar of Elyvilon.
  4112 | D:4      | Found a hide-covered altar of Uskayaw.
  4113 | D:4      | Found an opulent altar of Gozag.
  4321 | D:5      | Entered Level 5 of the Dungeon
  4321 | D:5      | Noticed Duvessa
  4321 | D:5      | Noticed Dowan
  4324 | D:5      | Reached skill level 5 in Earth Magic
  4363 | D:4      | Reached skill level 5 in Conjurations
  4815 | D:5      | Killed Dowan
  4848 | D:5      | Killed Duvessa
  4849 | D:5      | Reached XP level 8. HP: 62/62 MP: 4/15
  4852 | D:5      | Identified the ring of Icumio {*Corrode +Blink Str+6 Int+8
                  | SInv}
  5272 | D:5      | Found a runed translucent door.
  5272 | D:5      | Noticed indyram44's ghost (amateur MiGl)
  5624 | D:5      | Reached skill level 5 in Spellcasting
  5893 | D:6      | Found a shadowy altar of Dithmenos.
  5893 | D:6      | Found an ornate altar of the Wu Jian Council.
  5972 | D:6      | Found a faded altar of an unknown god.
  5974 | D:6      | Found a blossoming altar of Fedhas.
  5975 | D:6      | Found an ancient bone altar of Kikubaaqudgha.
  6441 | D:6      | Reached XP level 9. HP: 68/68 MP: 4/17
  6754 | D:6      | Found a shimmering blue altar of Sif Muna.
  8125 | D:7      | Reached skill level 5 in Transmutations
  8125 | D:7      | Reached XP level 10. HP: 60/75 MP: 4/20
  8282 | D:7      | Found a staircase to the Ecumenical Temple.
  8325 | Temple   | Entered the Ecumenical Temple
  8549 | Temple   | Became a worshipper of Vehumet
  9302 | D:8      | Found a sacrificial altar of Ru.
  9302 | D:8      | Found a broken altar of Ashenzari.
  9826 | D:8      | Found a glowing silver altar of Zin.
  9858 | D:8      | Reached skill level 1 in Short Blades
 10006 | D:8      | Noticed a boulder beetle
 10033 | D:8      | Killed a boulder beetle
 10739 | D:8      | Reached * piety under Vehumet
 10739 | D:8      | Offered knowledge of Foxfire by Vehumet.
 11125 | D:9      | Found a runed translucent gate.
 11125 | D:9      | Found a runed translucent gate.
 11125 | D:9      | Noticed SirRamESQ's ghost (novice HOFi)
 11125 | D:9      | Noticed a kobold demonologist
 11126 | D:9      | Found a runed translucent gate.
 11126 | D:9      | Noticed a two-headed ogre
 11243 | D:9      | Noticed a gargoyle
 11349 | D:9      | Killed a gargoyle
 11487 | D:9      | Found Etant's Magic Scroll Shoppe.
 11500 | D:9      | Bought a scroll of fear for 49 gold pieces
 11500 | D:9      | Bought a scroll of identify for 28 gold pieces
 11500 | D:9      | Bought a scroll of identify for 28 gold pieces
 11500 | D:9      | Bought a scroll of identify for 28 gold pieces
 11689 | D:9      | Found a staircase to the Lair.
 11840 | D:10     | Entered Level 10 of the Dungeon
 11877 | D:10     | Reached XP level 11. HP: 81/81 MP: 16/23
 12157 | D:10     | Noticed a two-headed ogre
 12168 | D:10     | Killed a two-headed ogre
 12390 | D:10     | Noticed a two-headed ogre
 12400 | D:10     | Killed a two-headed ogre
 12401 | D:10     | Reached skill level 10 in Conjurations
 12836 | D:10     | Offered knowledge of Magic Dart by Vehumet.
 13102 | D:10     | Found a staircase to the Orcish Mines.
 13230 | D:10     | Noticed Fannar
 13244 | D:10     | Learned a level 2 spell: Passwall
 13253 | D:10     | Killed Fannar
 13584 | D:11     | Noticed a boulder beetle
 13598 | D:11     | Killed a boulder beetle
 13733 | D:11     | Noticed a two-headed ogre
 13749 | D:11     | Killed a two-headed ogre
 13750 | D:11     | Reached skill level 5 in Short Blades
 13750 | D:11     | Reached skill level 10 in Spellcasting
 13997 | D:11     | Reached ** piety under Vehumet
 14066 | D:11     | Found a snail-covered altar of Cheibriados.
 14083 | D:11     | Noticed Erolcha
 14104 | D:11     | Killed Erolcha
 14212 | D:11     | Noticed a two-headed ogre
 14223 | D:11     | Killed a two-headed ogre
 14224 | D:11     | Reached XP level 12. HP: 88/88 MP: 24/26
 14230 | D:11     | Learned a level 4 spell: Summon Ice Beast
 14499 | D:11     | Reached skill level 1 in Ice Magic
 14769 | D:12     | Noticed a two-headed ogre
 14782 | D:12     | Killed a two-headed ogre
 14783 | D:12     | Reached skill level 1 in Summonings
 14935 | Lair:1   | Entered Level 1 of the Lair of Beasts
 15036 | D:9      | Learned a level 3 spell: Gell's Gravitas
 15367 | Orc:1    | Entered Level 1 of the Orcish Mines
 15595 | D:3      | Bought a book of Transfigurations for 520 gold pieces
 15602 | D:3      | Learned a level 5 spell: Irradiate
 16067 | Orc:2    | Entered Level 2 of the Orcish Mines
 16272 | Orc:2    | Found a staircase to the Elven Halls.
 16345 | Orc:1    | Noticed an orc warlord
 16960 | Orc:2    | Reached skill level 5 in Stealth
 17572 | Orc:2    | Offered knowledge of Static Discharge by Vehumet.
 18419 | Orc:2    | Reached *** piety under Vehumet
 19502 | Orc:2    | Found Reyl's Assorted Antiques.
 19502 | Orc:2    | Found Poattum's Antique Weapon Shoppe.
 19504 | Orc:2    | Found Titam's Distillery.
 19506 | Orc:2    | Found Gaduloom's Antique Weapon Shop.
 19807 | Lair:1   | Reached skill level 5 in Summonings
 19808 | Lair:1   | Reached skill level 5 in Ice Magic
 19808 | Lair:1   | Gained mutation: You can use your snake-like lower body to
                  | constrict enemies. [Naga growth]
 19808 | Lair:1   | Reached XP level 13. HP: 58/94 MP: 21/27
 20123 | Lair:1   | Identified the ring of Fepess {rF+ Int+2 Dex+2 Slay+5}
 21224 | Lair:2   | Found a hole to the Spider Nest.
 21227 | Lair:2   | Offered knowledge of Conjure Flame by Vehumet.
 21490 | D:3      | Bought Great Wizards, Vol. II for 494 gold pieces
 21496 | D:3      | Learned a level 5 spell: Borgnjor's Vile Clutch
 22615 | Lair:2   | Noticed Sonja
 22624 | Lair:2   | Killed Sonja
 24192 | Lair:4   | Found a staircase to the Shoals.
 24348 | Lair:4   | Reached **** piety under Vehumet
 24353 | Lair:4   | Reached skill level 10 in Earth Magic
 24402 | Lair:4   | Reached skill level 1 in Necromancy
 24517 | Lair:4   | Found a dark tunnel.
 24567 | Volcano  | Entered a volcano
 24657 | Volcano  | Offered knowledge of Lee's Rapid Deconstruction by Vehumet.
 24665 | Volcano  | Learned a level 5 spell: Lee's Rapid Deconstruction
 24775 | Volcano  | Reached skill level 10 in Stealth
 25075 | Volcano  | Reached XP level 14. HP: 97/102 MP: 23/28
 26097 | Lair:4   | Reached skill level 1 in Shields
 26413 | Lair:4   | Reached ***** piety under Vehumet
 26418 | Lair:4   | Offered knowledge of Yara's Violent Unravelling by Vehumet.
 27901 | Lair:5   | Found a runed translucent door.
 27901 | Lair:5   | Found a viscous altar of Jiyva.
 27901 | Lair:5   | Found a staircase to the Slime Pits.
 27901 | Lair:5   | Noticed an acid blob
 29003 | Lair:5   | Reached skill level 10 in Short Blades
 29343 | Lair:6   | Entered Level 6 of the Lair of Beasts
 29577 | Lair:6   | Reached skill level 5 in Shields
 29646 | Lair:6   | HP: 3/102 [yak (15)]
 30189 | Lair:6   | Reached XP level 15. HP: 50/108 MP: 5/30
 30480 | Lair:6   | Reached skill level 10 in Transmutations
 30483 | Lair:6   | Offered knowledge of Spellforged Servitor by Vehumet.
 32283 | D:12     | Noticed Kirke
 32332 | D:12     | Killed Kirke
 32333 | D:12     | Reached skill level 1 in Evocations
 32715 | D:3      | Bought a book of the Earth for 520 gold pieces
 32721 | D:3      | Learned a level 5 spell: Bolt of Magma
 32977 | D:13     | Found a gate to the Vaults.
 35216 | D:14     | Got the Almanac of Cold and Unholy Magic
 35330 | D:14     | Learned a level 3 spell: Swiftness
 35342 | D:14     | Reached XP level 16. HP: 115/115 MP: 26/32
 35354 | D:14     | Offered knowledge of Conjure Ball Lightning by Vehumet.
 36289 | D:15     | Entered Level 15 of the Dungeon
 36634 | D:15     | Found a shimmering altar of Xom.
 37166 | D:15     | Reached skill level 5 in Evocations
 37359 | D:15     | Found the +10 dark maul {vorpal}
 37363 | D:15     | Found a staircase to the Depths.
 38171 | Spider:1 | Entered Level 1 of the Spider Nest
 38645 | Spider:1 | Reached skill level 1 in Fire Magic
 39391 | Spider:1 | Noticed Aizul
 39397 | Spider:1 | Killed Aizul
 39979 | Spider:2 | Noticed Azrael
 40149 | Spider:2 | Killed Azrael
 40929 | Spider:2 | Noticed Jorgrun
 40953 | Spider:2 | Killed Jorgrun
 41288 | Spider:2 | Offered knowledge of Ozocubu's Refrigeration by Vehumet.
 41700 | Spider:3 | Reached XP level 17. HP: 90/121 MP: 34/34
 41707 | Spider:2 | Gained mutation: You tend to lose your temper in combat.
                  | [mutagenic glow]
 42357 | Spider:3 | Paralysed by a hornet for 3 turns
 42837 | Spider:3 | Reached skill level 5 in Fire Magic
 43891 | Spider:4 | Entered Level 4 of the Spider Nest
 44352 | Spider:4 | Reached ****** piety under Vehumet
 44535 | D:9      | Bought a scroll of acquirement for 728 gold pieces
 44535 | D:9      | Acquired a +1 barding of cold resistance
 46168 | Spider:4 | HP: 6/121 [disintegration (43)]
 46863 | Spider:4 | Offered knowledge of Iron Shot by Vehumet.
 48651 | D:2      | Bought a potion of invisibility for 88 gold pieces
 49046 | Spider:4 | Reached XP level 18. HP: 115/128 MP: 10/36
 49291 | Spider:4 | Got a gossamer rune of Zot
 49501 | Shoals:1 | Entered Level 1 of the Shoals
 49956 | Shoals:1 | Found a runed translucent door.
 49956 | Shoals:1 | Noticed Jafont's ghost (journeyman HOFE)
 50192 | Shoals:1 | Reached skill level 10 in Evocations
 50685 | Shoals:1 | Reached skill level 1 in Staves
 51625 | Shoals:2 | Identified the +3 robe "Athrocsoso" {Str+4}
 51855 | Shoals:2 | Offered knowledge of Orb of Destruction by Vehumet.
 52140 | Shoals:2 | Noticed Polyphemus
 52416 | Shoals:1 | Killed Jafont's ghost
 52422 | Shoals:1 | Identified the +5 war axe "Goblinslayer" {antimagic, Dex+6}
 53145 | Shoals:2 | Killed Polyphemus
 54208 | Shoals:3 | Reached skill level 5 in Staves
 54599 | Shoals:3 | Identified the +2 robe of Tufur {+Blink +Inv Will- Str+2}
 54666 | Shoals:3 | Reached skill level 15 in Spellcasting
 54780 | Shoals:3 | Noticed a titan
 54890 | Shoals:3 | Killed a titan
 55416 | Shoals:4 | Entered Level 4 of the Shoals
 55626 | Shoals:3 | Reached XP level 19. HP: 125/134 MP: 32/38
 56342 | Shoals:4 | Reached skill level 15 in Conjurations
 56352 | Shoals:4 | Shot with an arrow by a satyr

Illustrated notes

Levels and vault maps discovered:
D:1:      lemuel_arrival_funnel, layout_loops_ring, st_stairs_4
D:2:      layout_rooms, serial_shops, shop
D:3:      layout_loops_corners, dreamdust_ecumenical_altar_statues,
          serial_shops, shop_statue, minmay_misc_feat_columns,
          saegor_snake_ambush, uniq_robin
D:4:      layout_cave_pools, minitemple
D:5:      layout_layer_cave, gammafunk_ghost_grave, chequers_garden,
          uniq_duvessa
D:6:      layout_basic, chequers_temple_overflow_minitemple,
          mainiacjoe_overflow_catwalk, st_stairs_5, minmay_checkerbox
D:7:      cheibrodos_fertilizer, layout_loops_ring,
          minmay_temple_entry_statues_pillars
D:8:      layout_layer_cave, mainiacjoe_overflow_alcove_1,
          mainiacjoe_overflow_large_starburst, corexii_leaking_fountain,
          nicolae_lava_and_water
D:9:      layout_gridville, lair_entry_dummy, serial_shops,
          nicolae_lakefront_shop, gammafunk_ghost_split
D:10:     layout_rooms, david_orc_4, uniq_fannar
D:11:     layout_loops_ring, minmay_splitting_lines, cheibriados_altar_1,
          uniq_erolcha
D:12:     layout_cave_pools, uniq_kirke
D:13:     layout_loops_cross, lightli_vaults_fourway_checkpoint, special_room
          [special_room_orc], minmay_unpleasant_kobolds
D:14:     layout_irregular_city, minivault_25
D:15:     hangedman_depths_entry_civil_slaughter, layout_layer_cave,
          dk_noncrumbling_2, xom_teletrap_fun
Temple:   minmay_temple_curvy_loop
Lair:1:   layout_cave_pods, grunt_megastairs_5
Lair:2:   layout_loops_ring, nicolae_spider_entry_tight_spaces,
          minmay_lair_oklob_chamber, uniq_sonja
Lair:3:   layout_cellular_growth, serial_bayou_shore_b, serial_bayou_shore_b
Lair:4:   cheibrodos_magma_flow, layout_layer_cave, minmay_shoals_entry_beasts,
          special_room [special_room_bee], lightli_volcano_entry_magma_tube,
          beast_lair_carwin_2, serial_bayou_shore_b
Lair:5:   beast_lair_carwin_large_3, layout_regular_city, slime_altar_2
Lair:6:   wormcave, layout_misc_corridors, portal_ice_cave_entry_ice_simulacra,
          kennysheep_rathole, lemuel_fruit_tree
Shoals:1: layout_shoals, gammafunk_ghost_grave
Shoals:2: layout_shoals, uniq_polyphemus
Shoals:3: cheibrodos_shoals_gigantism, layout_shoals
Shoals:4: shoals_end_hellmonk_lost_city
Spider:1: layout_chambers, uniq_aizul
Spider:2: layout_spider_delve, nicolae_spider_stair_cavern, uniq_azrael,
          uniq_jorgrun
Spider:3: nicolae_spider_hilbert_zone_6 [nicolae_spider_hilbert_4_sides_1_open,
          nicolae_spider_hilbert_4_sides_1_open,
          nicolae_spider_hilbert_4_sides_1_open,
          nicolae_spider_hilbert_4_sides_1_open,
          nicolae_spider_hilbert_4_sides_1_open,
          nicolae_spider_hilbert_4_sides_1_open,
          nicolae_spider_hilbert_4_sides_1_open]
Spider:4: spider_rune_water, drop_trap
Orc:1:    layout_diamond_mine, serial_shops, shop
Orc:2:    st_orc_rangers, layout_caves

Skill      XL: |  1  2  3  4  5  6  7  8  9 10 11 12 13 14 15 16 17 18 19 |
---------------+----------------------------------------------------------+-----
Conjurations   | 1 2 3 4 5 6 7 9 10 12 13 14 15 | 15.0
Spellcasting   | 3 4 5 6 8 10 11 12 13 14 15 | 15.0
Earth Magic    | 4 5 6 7 8 10 | 10.0
Transmutations | 3 5 6 8 9 10 | 10.0
Short Blades   | 3 6 7 9 10 | 10.0
Ice Magic      | 5 6 |  6.0
Summonings     | 5 6 |  6.0
Stealth        | 6 10 | 10.0
Necromancy     | 3 4 |  4.0
Shields        | 5 8 9 |  9.0
Evocations     | 3 7 9 10 | 10.0
Fire Magic     | 4 6 |  6.0
Staves         | 6 7 |  7.1
Dodging        | |  1.5

Action                   |  1- 3 |  4- 6 |  7- 9 | 10-12 | 13-15 | 16-18 | 19-21 || total
-------------------------+-------+-------+-------+-------+-------+-------+-------++-------
Melee: Dagger            |    49 |    24 |   116 |   145 |   252 |   115 |       ||   701
       Unarmed           |    13 |       |       |       |       |       |       ||    13
       Staff             |       |       |       |     1 |    56 |    58 |     1 ||   116
       Constrict         |       |       |       |       |    43 |    34 |       ||    77
 Cast: Sandblast         |    28 |    54 |    12 |     6 |       |       |       ||   100
       Stone Arrow       |       |       |   117 |   261 |   388 |   497 |    28 ||  1291
       Petrify           |       |       |       |    40 |    36 |    19 |       ||    95
       Passwall          |       |       |       |     1 |       |       |       ||     1
       Irradiate         |       |       |       |     1 |    26 |    62 |     2 ||    91
       Gell's Gravitas   |       |       |       |     1 |       |       |       ||     1
       Lee's Rapid Decon |       |       |       |       |    40 |       |       ||    40
       Borgnjor's Vile C |       |       |       |       |    26 |    78 |     6 ||   110
       Summon Ice Beast  |       |       |       |       |    33 |     4 |       ||    37
       Bolt of Magma     |       |       |       |       |     6 |   129 |    18 ||   153
       Swiftness         |       |       |       |       |       |     2 |       ||     2
 Abil: Spit Poison       |    35 |    16 |     8 |     8 |       |       |       ||    67
Evoke: Wand              |       |       |       |    17 |     6 |     9 |       ||    32
       Box of beasts     |       |       |       |     1 |     1 |     2 |       ||     4
  Use: Scroll            |       |       |     6 |    13 |    17 |     3 |     1 ||    40
       Potion            |       |       |       |       |     8 |     9 |     1 ||    18
 Stab: Petrified         |       |       |       |    70 |    31 |    14 |       ||   115
       Paralysed         |       |       |       |    14 |       |     1 |       ||    15
       Sleeping          |       |       |       |     3 |       |     1 |       ||     4
       Petrifying        |       |       |       |       |     1 |     1 |       ||     2
       Distracted        |       |       |       |       |     4 |       |       ||     4
       Invisible         |       |       |       |       |       |     2 |       ||     2
Armor: Robe              |    22 |    20 |    46 |    61 |   205 |       |       ||   354
       Leather armour    |       |       |       |       |    26 |   201 |    20 ||   247
       Acid dragon scale |       |       |       |       |       |   139 |       ||   139
Dodge: Dodged            |    59 |    30 |    75 |   104 |   202 |   169 |    10 ||   649
Block: Kite shield       |       |       |       |       |    57 |   378 |    26 ||   461
